 Dungeon Crawl Stone Soup version 0.19-a0-726-g4af737f (webtiles) character file.

215 LORDOFBUTT the Skirmisher (level 5, -2/72 HPs)
             Began as a Minotaur Berserker on June 22, 2016.
             Was a Priest of Trog.
             Slain by Ridian's ghost (13 damage)
             ... in an ossuary.
             The game lasted 00:03:21 (2218 turns).

LORDOFBUTT the Skirmisher (Minotaur Berserker)      Turns: 2218, Time: 00:03:22

Health: -2/72      AC:  9    Str: 26    XL:     5   Next: 60%
Magic:  4/4        EV: 12    Int:  4    God:    Trog [***...]
Gold:   151        SH:  0    Dex: 11    Spells: 0 memorised, 4 levels left

rFire  + . .     SeeInvis +     a - +1 hand axe
rCold  . . .     Gourm    .     n - +3 ring mail {rN+}
rNeg   + . .     Faith    .     (no shield)
rPois  .         Spirit   .     (helmet restricted)
rElec  .         Dismiss  .     (no cloak)
rCorr  .         Reflect  .     (no gloves)
SustAt .         Harm     .     k - +0 pair of boots
MR     .....                    (no amulet)
Stlth  ..........               w - ring of see invisible
                                f - ring of protection from fire

@: berserking (expiring), lethally poisoned (-2 -> -36), very quick, not
resistant to hostile enchantments, extremely unstealthy
A: retaliatory headbutt, horns 2
a: Berserk, Trog's Hand, Burn Spellbooks, Renounce Religion


You were in an ossuary.
You worshipped Trog.
Trog was most pleased with you.
You were not hungry.

You visited 1 branch of the dungeon, and saw 4 of its levels.
You also visited: Ossuary.

You collected 151 gold pieces.

Inventory:

Hand Weapons
 a - a +1 hand axe (weapon)
Armour
 k - a +0 pair of boots (worn)
 n - a +3 ring mail of positive energy (worn)
Jewellery
 f - a ring of protection from fire (left hand)
 q - an uncursed ring of protection from cold
 w - a ring of see invisible (right hand)
Scrolls
 j - 4 scrolls of remove curse
 o - 2 scrolls of teleportation {unknown}
 p - 2 scrolls of fog {unknown}
 r - a scroll of noise {unknown}
 t - a scroll of recharging
 u - a scroll of enchant armour {unknown}
 v - 2 scrolls of immolation {unknown}
Potions
 b - a potion of magic
 d - 4 potions of heal wounds {unknown}
 e - 2 potions of haste
 g - a potion of might
 h - a potion of berserk rage
 i - 2 potions of ambrosia {unknown}
 l - a potion of invisibility {unknown}
 m - 2 potions of flight
 s - a potion of lignification
Comestibles
 c - a bread ration


   Skills:
 + Level 5.5 Fighting
 + Level 4.8 Axes
 + Level 2.9 Armour
 + Level 4.0 Dodging
 + Level 0.3 Stealth


You had 4 spell levels left.
You didn't know any spells.

Dungeon Overview and Level Annotations

Branches:
Dungeon (4/15)
 Temple: D:4-7

Altars:

Shops:
D:4 [

Annotations:
Ossuary Ridian's ghost, novice MiBe


Innate Abilities, Weirdness & Mutations

You reflexively headbutt those who attack you in melee.
You have a pair of horns on your head.


Message History

You hit Ridian's ghost but do no damage.
You headbutt Ridian's ghost!
Ridian's ghost is moderately damaged.
You feel sick. Ridian's ghost barely misses you. You furiously retaliate!
You headbutt Ridian's ghost. You slash Ridian's ghost!
Ridian's ghost is heavily damaged.
You feel sick. Ridian's ghost hits you!
* * * LOW HITPOINT WARNING * * *
You are more poisoned.
You closely miss Ridian's ghost.
Ridian's ghost is heavily damaged.
* * * LOW HITPOINT WARNING * * *
You feel sick.
You closely miss Ridian's ghost. Your headbutt misses Ridian's ghost.
Ridian's ghost is heavily damaged.
* * * LOW HITPOINT WARNING * * *
You feel very sick. Ridian's ghost hits you!
You die...

##.## ##.# ###..# #...##
##...### #######......##
#.#.##........#
8.##+#+#+#)#'#..........
..'...W@.....'.......#..
8.##'#'#'#'#'#......##.#
#.#.#.#.##......#.#
###########....##.#
##.....## ##...## #####


You could see Ridian's ghost.

Vanquished Creatures
  A wight (Ossuary)
  A giant frog skeleton (D:4)
  Terence (D:2)
  3 adders
  2 oozes
  4 worms
  2 giant geckos (D:2)
  An orc (D:3)
  6 bats
  2 giant cockroaches
  7 goblins
  10 hobgoblins
  7 jackals (D:1)
  A quokka (D:2)
  A ball python skeleton (Ossuary)
  6 giant newts
  A hobgoblin skeleton (Ossuary)
  A hobgoblin zombie (Ossuary)
  10 kobolds
  An orc skeleton (Ossuary)
  7 rats
75 creatures vanquished.

Notes
Turn   | Place    | Note
--------------------------------------------------------------
     0 | D:1      | LORDOFBUTT the Minotaur Berserker began the quest for the Orb.
     0 | D:1      | Reached XP level 1. HP: 19/19 MP: 0/0
    28 | D:1      | Reached skill level 4 in Fighting
    29 | D:1      | Reached XP level 2. HP: 15/27 MP: 1/1
   479 | D:1      | Reached ** piety under Trog
   607 | D:1      | Reached XP level 3. HP: 34/34 MP: 2/2
   969 | D:2      | Noticed Terence
   983 | D:2      | Killed Terence
   983 | D:2      | Reached XP level 4. HP: 31/41 MP: 3/3
  1414 | D:2      | Reached skill level 5 in Fighting
  1581 | D:3      | Reached *** piety under Trog
  1699 | D:3      | Reached XP level 5. HP: 48/48 MP: 4/4
  1961 | D:4      | Found Seczuuc's Antique Armour Shop.
  2103 | D:4      | Found a sand-covered staircase.
  2154 | Ossuary  | Entered an ossuary
  2207 | Ossuary  | Noticed Ridian's ghost (novice MiBe)
  2218 | Ossuary  | Slain by Ridian's ghost

Vault maps used:
D:1:      dpeg_arrival_pond, serial_bayou_ford_a
D:2:      uniq_terence
D:4:      kennysheep_vampire_church, lemuel_doored_altar, serial_shops, shop,
          first_bread, nicolae_ossuary_entry_plus, grunt_gozag_statues
Ossuary:  ossuary_due_cavern

Skill      XL: |  1  2  3  4  5 |
---------------+----------------+-----
Fighting       | 4 5 |  5.5
Axes           | 4 |  4.8
Dodging        | 3 4 |  4.0
Armour         | |  2.9
Stealth        | |  0.3

Action                   |  1- 3 |  4- 6 || total
-------------------------+-------+-------++-------
Melee: Hand axe          |    73 |    90 ||   163
       Headbutt          |    12 |    19 ||    31
Invok: Berserk           |     1 |     1 ||     2
  Use: Scroll            |     8 |     4 ||    12
 Stab: Sleeping          |     1 |       ||     1
  Eat: Chunk             |       |     3 ||     3
       Bread ration      |       |     1 ||     1
Armor: Animal skin       |    10 |       ||    10
       Ring mail         |       |    26 ||    26
Dodge: Dodged            |    52 |    50 ||   102
